 Dungeon Crawl Stone Soup version 0.30-a0-422-g946f4849ff (webtiles) character file.

Game seed: 16690992105751658425

205 pokeman the Magician (level 5, -1/29 HPs)
             Began as a Deep Elf Hedge Wizard on Dec 8, 2022.
             Slain by Crazy Yiuf
             ... wielding a +2 quarterstaff of chaos
              (12 damage)
             ... on level 2 of the Dungeon.
             The game lasted 00:03:29 (2618 turns).

pokeman the Magician (Deep Elf Hedge Wizard)        Turns: 2618, Time: 00:03:29

Health: -1/29      AC:  3    Str:  7    XL:     5   Next: 52%
Magic:  8/15       EV: 12    Int: 21    God:
Gold:   143        SH:  0    Dex: 14    Spells: 8/16 levels left

rFire   . . .      SeeInvis .    a - +0 dagger
rCold   . . .      Faith    .    (no shield)
rNeg    . . .      Spirit   .    l - +0 leather armour
rPois   .          Reflect  .    c - +0 hat
rElec   .          Harm     .    (no cloak)
rCorr   .          Rampage  .    (no gloves)
Will    .....                    (no boots)
Stlth   ++........               (no amulet)
HPRegen 0.24/turn                (no ring)
MPRegen 0.14/turn                (no ring)

@: very slightly contaminated
A: no striking features
a: no special abilities


You were on level 2 of the Dungeon.
You visited 1 branch of the dungeon, and saw 2 of its levels.

You collected 143 gold pieces.

Inventory:

Hand Weapons
 a - a +0 dagger (weapon)
Armour
 c - a +0 hat (worn)
 l - a +0 leather armour (worn)
Scrolls
 b - a scroll of teleportation {unknown}
 h - a scroll of amnesia {unknown}
 j - a scroll of enchant armour {unknown}
 k - a scroll of noise {unknown}
 n - a scroll of blinking {unknown}
Potions
 d - a potion of magic
 e - 3 potions of curing {unknown}
 f - a potion of brilliance {unknown}
 g - a potion of flight {unknown}
 i - a potion of lignification {unknown}
 m - a potion of mutation {unknown}
 o - a potion of haste {unknown}


   Skills:
 - Level 1.0 Fighting
 - Level 1.0 Armour
 + Level 3.3 Dodging
 + Level 3.4 Stealth
 * Level 6.3 Spellcasting
 + Level 2.7 Conjurations
 - Level 1.1 Summonings
 - Level 1.1 Translocations


You had 8 spell levels left.
You knew the following spells:

 Your Spells              Type           Power      Damage    Failure   Level
a - Magic Dart            Conj           72%        1d6       4%          1
b - Mephitic Cloud        Conj/Pois/Air  10%        N/A       28%         3
c - Call Imp              Summ           11%        N/A       13%         2
d - Blink                 Tloc           22%        N/A       13%         2

Your spell library contained the following spells:

 Spells                   Type           Power      Damage    Failure   Level
 Necrotise                Necr           24%        1d5       14%         1
 Slow                     Hex            24%        N/A       14%         1
 Cigotuvi's Dreadful Rot  Necr/Pois/Air  12%        N/A       21%         2
 Vampiric Draining        Necr           6%         2d6       38%         3
 Agony                    Necr           6%         N/A       98%         5


Dungeon Overview and Level Annotations

Branches:
Dungeon (2/15)

Altars:

Annotations:
D:2 Crazy Yiuf


Message History

Press: ? - help, Shift-Dir - straight line, f/p - Crazy Yiuf
Aim: Crazy Yiuf, wielding a +2 quarterstaff of chaos and wearing a +1 cloak (ally target, chance to affect: 86%) That beam is likely to hit you.
Continue anyway?
The ball explodes into a vile cloud!
The stinking cloud engulfs Crazy Yiuf but does no damage.
The stinking cloud engulfs you but does no damage.
The stinking cloud engulfs your crimson imp but does no damage.
You are engulfed in noxious fumes.
You choke on the stench!
You are confused.
Your crimson imp hits Crazy Yiuf.
Crazy Yiuf is engulfed in noxious fumes.
Crazy Yiuf appears confused.
Crazy Yiuf says, "I feel rather peculiar."
Crazy Yiuf hits your crimson imp with a +2 quarterstaff of chaos!
Your crimson imp convulses!
Your crimson imp is killed!
Your crimson imp disappears in a puff of smoke!
Crazy Yiuf shouts!
Unknown command.
You bump into the tree.
You are engulfed in noxious fumes.
You choke on the stench!
You are more confused.
Crazy Yiuf is engulfed in noxious fumes.
Crazy Yiuf appears confused.
Crazy Yiuf says, "I wonder if I left the window open."
Crazy Yiuf completely misses you.
Unknown command.
Crazy Yiuf is engulfed in noxious fumes.
Unknown command.
You bump into the tree.
Crazy Yiuf is engulfed in noxious fumes.
Crazy Yiuf appears confused.
Crazy Yiuf closely misses you.
You bump into the tree.
Crazy Yiuf is engulfed in noxious fumes.
Crazy Yiuf appears confused.
Crazy Yiuf counts something out on his fingers.
You bump into the tree.
You feel less confused.
Crazy Yiuf hits you with a +2 quarterstaff of chaos!
You die...

#..## #.#........
##..# #####
#.#####.### #...#
#..)# #.......#
######.#.#### #...#
######..#
......>.....# ...
#..#..#
########.#### #'#
#.....# #.# ♣♣.♣
####.#.## #.# ♣g♣♣
#....#.# ########.#
♣♣@♣ ######.#
.........# ♣.♣♣
#..###.# ##########
♣♣.♣♣ ##..##.#
........# ♣...♣♣
##.##.# #######.#
♣.♣..♣ #..#.#
....#<..# #....#
##.#.#
###.#.#########....#
#.#.#
.##.#..............#
#...#
.##.#.#########...##
###.####


You could see Crazy Yiuf (confused).

Vanquished Creatures
  Sigmund (D:2)
  An adder (D:2)
  2 dart slugs
  4 bats
  4 endoplasms
  A giant cockroach (D:1)
  A goblin (D:1)
  2 hobgoblins (D:1)
  4 jackals (D:1)
  A quokka (D:1)
  4 ball pythons
  A frilled lizard (D:1)
  3 kobolds
  4 rats
33 creatures vanquished.

Notes
Turn   | Place    | Note
-------+----------+-------------------------------------------
     0 | D:1      | pokeman the Deep Elf Hedge Wizard began the quest for the
                  | Orb.
     0 | D:1      | Reached XP level 1. HP: 10/10 MP: 7/7
   342 | D:1      | Reached XP level 2. HP: 14/16 MP: 2/9
   767 | D:1      | Reached skill level 5 in Spellcasting
  1442 | D:2      | Reached XP level 3. HP: 8/20 MP: 3/11
  1447 | D:2      | Learned a level 3 spell: Mephitic Cloud
  1450 | D:2      | Learned a level 2 spell: Call Imp
  1453 | D:2      | Learned a level 2 spell: Blink
  1833 | D:2      | Reached skill level 1 in Armour
  1836 | D:2      | Reached skill level 1 in Fighting
  2264 | D:2      | Found a runed translucent door.
  2265 | D:2      | Noticed Crazy Yiuf
  2321 | D:2      | Noticed Sigmund
  2495 | D:2      | Killed Sigmund
  2496 | D:2      | Reached skill level 6 in Spellcasting
  2496 | D:2      | Reached XP level 4. HP: 15/25 MP: 1/14
  2496 | D:2      | Reached XP level 5. HP: 17/29 MP: 1/15
  2618 | D:2      | Slain by Crazy Yiuf

Illustrated notes

Levels and vault maps discovered:
D:1:      dpeg_arrival_line_fractal, layout_loops_ring,
          kennysheep_decorative_pillar, palyth_stone_intersect
D:2:      layout_basic, feat_on_display, uniq_sigmund, uniq_crazy_yiuf_cottage

Skill      XL: |  1  2  3 |
---------------+----------+-----
Spellcasting   | 5 6 |  6.3
Armour         | 1 |  1.0
Fighting       | 1 |  1.0
Dodging        | 3 |  3.3
Stealth        | 3 |  3.4
Conjurations   | 2 |  2.7
Summonings     | |  1.1
Translocations | |  1.1

Action                   |  1- 3 |  4- 6 || total
-------------------------+-------+-------++-------
Melee: Dagger            |    20 |       ||    20
 Cast: Magic Dart        |    70 |       ||    70
       Mephitic Cloud    |     3 |     1 ||     4
       Call Imp          |     1 |     1 ||     2
       Blink             |     1 |       ||     1
Armor: Robe              |    10 |       ||    10
       Leather armour    |     4 |       ||     4
Dodge: Dodged            |    24 |     2 ||    26

Table legend: (Time is in decaauts)
 A = Elapsed time spent in this place.
 B = Non-inter-level travel time spent in this place.
 C = Inter-level travel time spent in this place.
 D = Time resting spent in this place.
 E = Time spent auto-exploring this place.
 F = Levels seen in this place.
 G = Mean time per level.
                   A        B        C        D        E       F      G
               +--------+--------+--------+--------+--------+-----+--------+
         Total |   2617 |   2553 |     64 |      0 |   2311 |   2 | 1308.5 |
       Dungeon |   2617 |   2553 |     64 |      0 |   2311 |   2 | 1308.5 |
               +--------+--------+--------+--------+--------+-----+--------+

Top non-repeatable levels by time:
     D:1: 1317 daAuts
     D:2: 1300 daAuts
